 Dungeon Crawl Stone Soup version 0.22-a0-567-gff9aefc (webtiles) character file.

292 theanonym the Slasher (level 6, -3/49 HPs)
             Began as a Mummy Chaos Knight on June 29, 2018.
             Was an Initiate of Ashenzari.
             Killed by divine providence
             ... invoked by an orc priest
              (13 damage)
             ... on level 4 of the Dungeon.
             The game lasted 00:10:44 (4821 turns).

theanonym the Slasher (Mummy Chaos Knight)          Turns: 4821, Time: 00:10:45

Health: -3/49      AC: 12    Str: 18    XL:     6   Next: 10%
Magic:  6/6        EV:  7    Int: 11    God:    Ashenzari [......]
Gold:   170        SH:  0    Dex: 11    Spells: 5/5 levels left

rFire    x x .     SeeInvis .   a - +0 falchion (chaos)
rCold    + + .     Gourm    .   (no shield)
rNeg     + + +     Faith    .   d - +0 chain mail
rPois    ∞         Spirit   .   l - +0 helmet (curse)
rElec    .         Reflect  .   i - +0 cloak (curse)
rCorr    .         Harm     .   (no gloves)
MR       .....                  g - +1 pair of boots (curse)
Stlth    ..........             (no amulet)
HPRegen  0.16/turn              f - ring of ice
MPRegen  0.10/turn              (no ring)

@: no status effects
A: no food or potions, fire vulnerability, cold resistance 1, negative energy
resistance 3, torment resistance, unbreathing
a: Curse Item, Renounce Religion


Innate Abilities, Weirdness & Mutations

You do not eat or drink.
Your flesh is vulnerable to fire.
You are immune to poison.
Your flesh is cold resistant. (rC+)
You are immune to negative energy. (rN+++)
You are immune to unholy pain and torment.
You can survive without breathing.


   Skills:
 + Level 4.5 Fighting
 * Level 4.9 Long Blades
 - Level 1.5 Armour
 - Level 0.7 Dodging


You had 5 spell levels left.
You didn't know any spells.
Your spell library contained the following spells:

 Spells                   Type           Power        Failure   Level  Hunger
 Confuse                  Hex            #.......     100%        3    N/A
 Tukima's Dance           Hex            #.......     100%        3    N/A
 Ensorcelled Hibernation  Hex/Ice        #.....       100%        2    N/A
 Corona                   Hex            #......      99%         1    N/A
 Dazzling Spray           Conj/Hex       #.....       100%        3    N/A

Skill      XL: |  1  2  3  4 |
---------------+-------------+-----
Long Blades    | 3 4 |  4.9
Fighting       | 4 |  4.5
Armour         | |  1.5
Dodging        | |  0.7

Action                   |  1- 3 |  4- 6 || total
-------------------------+-------+-------++-------
Melee: Falchion          |   134 |   290 ||   424
Invok: Renounce Religion |     1 |       ||     1
       Curse Item        |       |     3 ||     3
  Use: Scroll            |       |     6 ||     6
 Stab: Petrifying        |       |     1 ||     1
       Petrified         |       |     1 ||     1
       Paralysed         |       |     1 ||     1
Armor: Leather armour    |    23 |       ||    23
       Scale mail        |    55 |    70 ||   125
       Chain mail        |       |   150 ||   150
Dodge: Dodged            |    87 |   135 ||   222
       Rpst.: Falchion   |    22 |    41 ||    63

Inventory:

Hand Weapons
 a - a +0 falchion of chaos (weapon)
Armour
 b - a +2 leather armour
 d - a +0 chain mail (worn)
   (You took it off Ijyb on level 3 of the Dungeon)
 g - a cursed +1 pair of boots (worn)
   (You found it on level 2 of the Dungeon)
 i - a cursed +0 cloak (worn)
   (You found it on level 3 of the Dungeon)
 l - a cursed +0 helmet (worn)
   (You found it on level 3 of the Dungeon)
Jewellery
 f - a ring of ice (left hand)
   (You found it on level 3 of the Dungeon)
Wands
 k - a wand of enslavement (7)
   (You took it off Ijyb on level 3 of the Dungeon)
Scrolls
 c - a scroll of remove curse
 e - a scroll of enchant weapon


You were on level 4 of the Dungeon.
You worshipped Ashenzari.
Ashenzari was noncommittal.
You were not hungry.

You visited 1 branch of the dungeon, and saw 4 of its levels.

You collected 170 gold pieces.

Dungeon Overview and Level Annotations

Branches:
Dungeon (4/15)
 Temple: D:4-7

Altars:
Ashenzari
Cheibriados
Dithmenos
Fedhas
Gozag
Makhleb
Vehumet
Xom
Yredelemnul
Zin

Annotations:
D:4 Pikel

#.# #.# .# #.#
#.# ##.# #.# #.#
...#
#.###.###...####
#.#.....#.......
#.#.#...#.......
#.#o'...'.......
#.#{#.[.#.....o#
#.#@{o.÷#......§
#.###...###+#.##
#.#............#
#.####.........#
#.# #.........
#.####.........
#....'.........
######.........
#.[.......


You could see 2 orc priests.

Notes
Turn   | Place    | Note
-------+----------+-------------------------------------------
     0 | D:1      | theanonym the Mummy Chaos Knight began the quest for the Orb.
     0 | D:1      | Reached XP level 1. HP: 18/18 MP: 1/1
     0 | D:1      | Fell from the grace of Xom
   174 | D:1      | XOM: summons 1 hostile shadow creature
   324 | D:1      | Reached XP level 2. HP: 18/24 MP: 2/2
   558 | D:1      | Reached skill level 3 in Long Blades
   810 | D:2      | Reached XP level 3. HP: 17/29 MP: 3/3
   898 | D:2      | Found a shattered altar of Ashenzari.
   898 | D:2      | XOM: 1-stop teleportation journey
   980 | D:2      | HP: 13/29 [jackal (3)]
  1004 | D:2      | Became a worshipper of Ashenzari the Shackled
  1110 | D:2      | Found a radiant altar of Vehumet.
  1110 | D:2      | Found a shadowy altar of Dithmenos.
  1110 | D:2      | XOM: 3-stop teleportation journey
  1231 | D:2      | XOM: summons 3 hostile shadow creatures
  1468 | D:2      | Found a blossoming altar of Fedhas.
  1491 | D:2      | XOM: 5-stop teleportation journey
  1527 | D:2      | Reached XP level 4. HP: 35/37 MP: 4/4
  1565 | D:2      | XOM: summons 4 hostile shadow creatures
  1763 | D:2      | XOM: polymorph frilled lizard -> gnoll
  2081 | D:2      | Reached skill level 4 in Long Blades
  2321 | D:3      | Reached skill level 4 in Fighting
  2450 | D:3      | Found a burning altar of Makhleb.
  2450 | D:3      | XOM: 1-stop teleportation journey
  2452 | D:3      | theanonym: ??ashenzari wrath
  2452 | D:3      | beem: ashenzari wrath[1/1]: -4 to all skills. Also boosts enemy AI: better pathfinding, they're more likely to target you when you're invisible, and they never forget about you. The wrath ends after you've gained two experience levels (or an equivalent amount of xp).
  2499 | D:3      | Noticed Terence
  2537 | D:3      | HP: 13/37 [something (9)]
  2562 | D:3      | HP: 11/37 [orc (1)]
  2879 | D:3      | Noticed Ijyb
  2887 | D:3      | Reached XP level 5. HP: 39/42 MP: 5/5
  2891 | D:3      | Noticed Jessica
  2902 | D:3      | Killed Ijyb
  2914 | D:3      | Killed Jessica
  3052 | D:3      | Noticed Robin
  3073 | D:3      | XOM: chaos upgrade
  3090 | D:3      | HP: 10/43 [goblin/dagger of chaos[Robin] (20)]
  3099 | D:3      | HP: 11/43 [goblin/dagger of chaos[Robin] (1)]
  3099 | D:3      | Paralysed by a goblin for 7 turns
  3106 | D:3      | HP: 10/43 [goblin/dagger of chaos[Robin] (1)]
  3532 | D:3      | Noticed Robin
  3532 | D:3      | Robin changed into Robin the adder
  3549 | D:3      | Killed Robin the adder
  3644 | D:3      | HP: 20/43 [something (2)]
  3916 | D:3      | Found an opulent altar of Gozag.
  3978 | D:3      | Killed Terence
  3978 | D:3      | Reached XP level 6. HP: 27/49 MP: 6/6
  4133 | D:3      | Found a shimmering altar of Xom.
  4137 | D:3      | Found a glowing silver altar of Zin.
  4137 | D:3      | Found a blossoming altar of Fedhas.
  4141 | D:3      | Found a blossoming altar of Fedhas.
  4141 | D:3      | Found a burning altar of Makhleb.
  4141 | D:3      | Found a basalt altar of Yredelemnul.
  4368 | D:4      | Noticed a slave
  4395 | D:4      | Killed a slave
  4489 | D:4      | Noticed Pikel
  4489 | D:4      | Noticed a slave
  4489 | D:4      | Noticed a slave
  4489 | D:4      | Noticed a slave
  4570 | D:4      | Found a snail-covered altar of Cheibriados.
  4627 | D:4      | HP: 20/49 [orc priest/divine providence (12)]
  4630 | D:4      | HP: 1/49 [orc priest/divine providence (14)]
  4788 | D:3      | XOM: cloud trail
  4806 | D:3      | XOM: summons 14 hostile demons
  4807 | D:3      | Noticed a soul eater
  4807 | D:3      | Noticed a sun demon
  4810 | D:3      | HP: 24/49 [ufetubus[Xom] (4)]
  4816 | D:4      | HP: 18/49 [orc priest/hand axe (3)]
  4821 | D:4      | Killed from afar by an orc priest

Vanquished Creatures
  A slave (D:4)
  Jessica (D:3)
  Terence (D:3)
  Ijyb (D:3)
  An orc wizard (D:3)
  A gnoll (D:2)
  6 adders
  3 oozes
  A worm (D:2)
  2 dart slugs
  A leopard gecko (D:1)
  4 orcs
  5 giant cockroaches
  13 goblins
  11 hobgoblins
  12 jackals
  A quokka (shapeshifter) (D:2)
  2 quokkas (D:2)
  3 ball pythons
  9 bats
  3 frilled lizards
  11 kobolds
  A leopard gecko skeleton (D:4)
  A quokka skeleton (D:4)
  7 rats
102 creatures vanquished.

Vanquished Creatures (others)
  An adder skeleton (D:2)
  A kobold (D:3)
2 creatures vanquished.

Grand Total: 104 creatures vanquished

Table legend:
 A = Turns spent in this place as a percentage of turns spent in the entire game.
 B = Non-inter-level travel turns spent in this place as a percentage of non-inter-level travel turns spent in the entire game.
 C = Inter-level travel turns spent in this place as a percentage of turns spent in this place.
 D = Turns resting spent in this place as a percentage of non-inter-level travel turns spent in this place.
 E = Turns spent auto-exploring this place as a percentage of non-inter-level travel turns spent in this place.
 F = Non-inter-level travel turns spent in this place divided by the number of levels of this place that you've seen.
                   A       B       C       D       E      F
               +-------+-------+-------+-------+-------+----------------------
         Total | 100.0 | 100.0 |   2.7 |  35.3 |  44.3 | 1172.8
       Dungeon | 100.0 | 100.0 |   2.7 |  35.3 |  44.3 | 1172.8
               +-------+-------+-------+-------+-------+----------------------
